Map: Torres Crepusculares

Players

LucasKyioshi

  • Race: Protoss Protoss
  • League: Master

TheZergLord - Winner!

  • Race: Zerg Zerg
  • League: Master

VOD

Have the link to the VOD?

Description

Time

  • Played on: March 7, 2016, 8:02 a.m.
  • Length: 8:53
Show
View Real Time Build Order
Export as new Build Order

LucasKyioshi Protoss 

Build Orders:  

Get SALT Encoding   

  12  0:01  Probe (Chrono Boost)  
  13  0:12  Probe (Chrono Boost)  
  14  0:17  Pylon  
  14  0:22  Probe (Chrono Boost)  
  15  0:36  Probe (Chrono Boost)  
  15  0:41  Forge  
  16  0:46  Probe (Chrono Boost)  
  18  0:57  Probe (Chrono Boost)  
  18  1:07  Probe (Chrono Boost)  
  19  1:18  Probe (Chrono Boost)  
  20  1:26  Photon Cannon  
  20  1:28  Probe (Chrono Boost)  
  20  1:30  Gateway  
  21  1:34  Assimilator  
  21  1:39  Probe (Chrono Boost)  
  22  1:49  Probe (Chrono Boost)  
  23  2:03  Nexus  
  23  2:24  Pylon  
  23  2:28  Pylon  
  23  2:40  Assimilator  
  23  2:42  Probe  
  23  2:43  Zealot (Chrono Boost)  
  26  2:51  Photon Cannon x2  
  26  2:55  Cybernetics Core  
  26  2:58  Probe  
  27  3:10  Probe  
  27  3:12  Zealot (Chrono Boost)  
  30  3:22  Probe, Pylon  
  31  3:43  Warp Gate (Chrono Boost), Probe  
  31  3:44  Probe  
  31  3:45  Protoss Ground Weapons Level 1 (Chrono Boost)  
  34  3:48  Stalker (Chrono Boost)  
  34  3:55  Mothership Core, Probe  
  37  4:06  Probe  
  38  4:16  Probe x2  
  41  4:19  Assimilator  
  42  4:27  Sentry  
  42  4:28  Probe x2  
  44  4:32  Gateway  
  44  4:36  Gateway  
  44  4:40  Gateway  
  44  4:41  Probe  
  44  4:43  Probe, Gateway  
  46  4:48  Pylon  
  46  4:56  Gateway  
  46  4:58  Probe x2  
  48  5:01  Gateway  
  48  5:03  Sentry  
  50  5:08  Probe  
  50  5:10  Probe  
  52  5:21  Pylon  
  52  5:26  Probe  
  52  5:28  Pylon  
  53  5:31  Protoss Ground Armor Level 1 (Chrono Boost)  
  53  5:50  Stalker  
  53  5:51  Stalker x4  
  53  5:54  Zealot  
  53  5:56  Zealot  
  67  6:00  Probe  
  67  6:03  Pylon  
  68  6:04  Robotics Facility  
  68  6:09  Pylon  
  68  6:16  Sentry  
  68  6:17  Sentry x3  
  76  6:19  Adept  
  76  6:22  Adept  
  76  6:23  Adept  
  82  6:32  Probe, Pylon  
  83  6:34  Assimilator  
  77  6:51  Stalker x2  
  77  6:52  Stalker x2  
  85  6:56  Stalker  
  85  6:58  Zealot x2  
  81  7:35  Stalker x2  
  81  7:36  Stalker x2  
  81  7:37  Stalker x2  
  69  7:55  Probe  
  69  7:56  Probe  
  65  8:04  Immortal  
  69  8:07  Probe x2  
  69  8:11  Twilight Council  
  71  8:14  Nexus  
  71  8:15  Pylon  
  71  8:16  Robotics Facility  
  71  8:17  Probe  
  71  8:19  Probe  
  72  8:22  Pylon  
  72  8:24  Pylon  
  72  8:28  Assimilator  
  72  8:31  Probe, Sentry  
  75  8:40  Probe  
Show
View Real Time Build Order
Export as new Build Order

TheZergLord Zerg - Winner!

Build Orders: Pool First 

Get SALT Encoding   

  12  0:17  Spawning Pool  
  11  0:22  Drone  
  11  0:26  Drone  
  13  0:31  Drone  
  14  0:40  Overlord  
  14  1:05  Zergling x6  
  14  1:07  Queen  
  19  1:17  Zergling x2  
  20  1:27  Zergling x2  
  21  1:38  Hatchery  
  20  1:42  Overlord  
  20  1:49  Drone  
  20  2:02  Drone  
  21  2:12  Drone, Queen  
  24  2:17  Drone  
  24  2:19  Drone x2  
  27  2:27  Drone  
  28  2:35  Drone  
  29  2:45  Overlord  
  29  2:53  Drone  
  29  2:57  Hatchery  
  29  2:58  Drone x2  
  31  3:03  Drone x2  
  33  3:13  Drone x3  
  36  3:20  Overlord  
  36  3:22  Drone x2  
  36  3:24  Extractor  
  36  3:26  Extractor  
  36  3:30  Drone x2  
  36  3:31  Drone  
  39  3:37  Drone x2  
  39  3:38  Drone  
  39  3:40  Drone  
  43  3:43  Drone  
  44  3:49  Drone  
  44  3:51  Overlord  
  44  3:53  Drone x2  
  44  3:55  Drone  
  48  3:59  Drone  
  49  4:03  Drone x2  
  51  4:14  Queen  
  51  4:15  Lair  
  53  4:18  Roach Warren  
  53  4:19  Drone  
  53  4:20  Drone  
  53  4:21  Drone  
  55  4:25  Overlord  
  55  4:29  Overlord  
  55  4:32  Drone x2  
  57  4:40  Overlord  
  57  4:41  Metabolic Boost  
  57  4:45  Overlord  
  57  4:48  Drone x4  
  57  4:49  Queen  
  57  4:50  Drone  
  64  4:53  Drone x2  
  64  4:54  Drone  
  64  4:55  Drone  
  68  5:00  Roach x2  
  68  5:01  Roach  
  68  5:03  Roach  
  68  5:05  Roach  
  78  5:12  Overlord  
  78  5:14  Glial Reconstitution  
  78  5:20  Roach x2  
  82  5:25  Extractor  
  82  5:27  Extractor x2  
  79  5:28  Extractor  
  78  5:38  Overlord  
  78  5:39  Overlord  
  78  5:40  Overseer  
  78  5:43  Drone x4  
  78  5:44  Drone x7  
  78  5:45  Drone  
  78  5:49  Overlord  
  90  6:04  Drone x2  
  90  6:07  Drone  
  90  6:08  Drone, Evolution Chamber  
  90  6:10  Hydralisk Den  
  94  6:11  Roach x3  
  94  6:12  Roach x6  
  110  6:25  Drone  
  111  6:36  Roach x3, Hatchery  
  108  6:47  Roach x3  
  108  6:50  Overlord x5  
  108  6:53  Ravager  
  113  6:56  Muscular Augments  
  113  6:57  Zerg Missile Weapons Level 1  
  113  7:09  Hydralisk  
  113  7:10  Hydralisk x6  
  119  7:30  Roach  
  119  7:31  Roach x10  
  127  7:41  Hydralisk x2  
  127  7:42  Hydralisk x3  
  127  7:49  Queen  
  123  7:51  Hydralisk x3  
  127  8:03  Hydralisk x3  
  127  8:04  Hydralisk x2  
  137  8:09  Hydralisk  
  137  8:10  Hydralisk x2  
  143  8:19  Hydralisk x2  
  143  8:20  Hydralisk x2  
  143  8:24  Hydralisk  
  153  8:29  Drone  
  153  8:33  Drone x2  
  153  8:34  Drone x4  
Tags
 
Add a new tag
Caveats
  • Supply blocks, unpowered buildings, or Contaminate may cause inaccurate times.
  • Supply counts are checked every 10 seconds.